Map: [ESL] Hecate

Players

ShaDoWn

  • Race: Protoss Protoss
  • Spawn Location: 1:00

Vindicta - Winner!

  • Race: Terran Terran
  • Spawn Location: 7:00

Event: ESL SC2 Masters 2023 Winter (Finals)

VOD

Have the link to the VOD?

Description

Time

  • Played on: Dec. 15, 2023, 5:59 p.m.
  • Length: 18:14

All games in this series

Show
View Real Time Build Order
Export as new Build Order

ShaDoWn Protoss 

Build Orders: 1 Gate Expand, Zealot Archon, Archon Drop, Dark Templar Rush 

Get SALT Encoding   

  12  0:00  Probe  
  13  0:12  Probe  
  14  0:17  Pylon  
  14  0:24  Probe  
  15  0:35  Gateway  
  15  0:38  Probe (Chrono Boost)  
  16  0:43  Assimilator  
  16  0:48  Probe (Chrono Boost)  
  17  0:52  Probe (Chrono Boost)  
  18  1:04  Probe  
  19  1:16  Probe  
  20  1:22  Cybernetics Core  
  20  1:32  Nexus  
  20  1:40  Pylon  
  20  1:42  Probe  
  21  1:49  Assimilator  
  21  1:56  Probe, Stalker (Chrono Boost)  
  24  2:04  Warp Gate  
  24  2:08  Probe  
  25  2:20  Probe, Stalker (Chrono Boost)  
  28  2:33  Probe  
  28  2:44  Probe  
  28  2:45  Probe  
  28  2:47  Shield Battery  
  30  2:56  Probe  
  30  2:57  Probe  
  32  3:00  Twilight Council  
  32  3:08  Probe (Chrono Boost)  
  32  3:10  Probe (Chrono Boost)  
  34  3:15  Robotics Facility  
  34  3:21  Probe (Chrono Boost)  
  34  3:22  Probe (Chrono Boost)  
  36  3:30  Probe x2 (Chrono Boost)  
  38  3:35  Probe x2 (Chrono Boost)  
  38  3:37  Dark Shrine  
  40  3:42  Gateway  
  40  3:47  Probe  
  40  3:48  Probe  
  42  3:52  Stalker  
  42  3:55  Pylon  
  44  3:59  Probe  
  44  4:01  Probe  
  46  4:09  Warp Prism (Chrono Boost)  
  44  4:10  Pylon  
  44  4:11  Probe  
  44  4:13  Probe  
  48  4:18  Assimilator  
  49  4:25  Probe  
  49  4:31  Nexus  
  49  4:35  Pylon  
  49  4:36  Probe  
  49  4:38  Probe  
  51  4:39  Observer  
  52  4:48  Probe  
  52  4:50  Probe, Pylon  
  54  4:54  Dark Templar x2  
  54  4:59  Gateway  
  58  5:02  Probe  
  58  5:05  Probe  
  58  5:14  Probe  
  58  5:17  Probe  
  60  5:22  Blink  
  60  5:26  Probe (Chrono Boost)  
  57  5:29  Dark Templar x2  
  57  5:30  Assimilator, Probe (Chrono Boost)  
  62  5:38  Archon, Probe (Chrono Boost)  
  62  5:40  Probe (Chrono Boost)  
  62  5:41  Forge  
  64  5:43  Gateway  
  64  5:45  Probe (Chrono Boost)  
  64  5:46  Probe (Chrono Boost)  
  67  5:50  Probe (Chrono Boost)  
  67  5:52  Dark Templar, Probe (Chrono Boost)  
  67  5:53  Shield Battery  
  67  5:55  Probe (Chrono Boost)  
  67  5:56  Archon  
  67  5:57  Probe (Chrono Boost)  
  72  5:59  Probe  
  72  6:02  Observer  
  74  6:05  Probe  
  74  6:06  Stalker x2  
  74  6:08  Probe  
  80  6:11  Probe  
  80  6:17  Protoss Ground Weapons Level 1, Probe  
  82  6:20  Probe  
  83  6:26  Probe  
  83  6:29  Immortal (Chrono Boost)  
  88  6:33  Probe  
  88  6:34  Robotics Bay  
  88  6:36  Gateway  
  88  6:37  Gateway  
  88  6:38  Probe  
  85  6:40  Observer  
  75  6:48  Stalker x2  
  75  6:50  Probe  
  75  6:53  Probe  
  81  6:58  Probe  
  81  6:59  Immortal (Chrono Boost)  
  82  7:07  Pylon  
  86  7:12  Stalker x3  
  86  7:15  Pylon  
  92  7:16  Probe  
  92  7:18  Pylon  
  92  7:21  Shield Battery  
  93  7:26  Colossus (Chrono Boost)  
  93  7:29  Assimilator, Probe  
  100  7:31  Pylon  
  100  7:33  Photon Cannon  
  100  7:39  Extended Thermal Lance  
  100  7:48  Zealot x4  
  108  7:56  Pylon  
  108  7:59  Zealot x2, Cybernetics Core  
  108  8:04  Probe  
  113  8:11  Zealot x2, Charge (Chrono Boost)  
  113  8:12  Zealot x2  
  121  8:17  Pylon  
  119  8:26  Probe x2  
  111  8:29  Probe  
  111  8:32  Zealot x2  
  116  8:34  Colossus (Chrono Boost)  
  116  8:37  Pylon  
  118  8:42  Pylon  
  118  8:43  Forge  
  118  8:46  Pylon  
  118  8:57  Robotics Facility  
  118  8:58  Dark Templar  
  118  9:00  Nexus  
  120  9:03  Stalker x3  
  126  9:12  Protoss Ground Weapons Level 2 (Chrono Boost)  
  126  9:15  Protoss Ground Armor Level 1 (Chrono Boost)  
  126  9:17  Pylon  
  126  9:18  Colossus (Chrono Boost), Probe  
  126  9:20  Probe  
  126  9:22  Probe  
  135  9:28  Zealot x2  
  135  9:30  Probe  
  140  9:32  Probe  
  140  9:34  Probe  
  142  9:43  Probe  
  142  9:45  Colossus (Chrono Boost)  
  143  9:48  Nexus  
  143  9:49  Stalker  
  151  9:56  Zealot x2, Pylon  
  145  10:02  Zealot x2  
  145  10:06  Probe, Pylon  
  148  10:09  Photon Cannon  
  148  10:11  Observer (Chrono Boost)  
  148  10:14  Probe  
  150  10:17  Probe  
  150  10:20  Probe x2  
  153  10:26  Probe  
  152  10:29  Probe  
  152  10:35  Zealot x5  
  156  10:37  Probe  
  156  10:41  Probe  
  147  10:46  Probe  
  147  10:49  Disruptor (Chrono Boost)  
  128  10:58  Disruptor (Chrono Boost)  
  128  11:02  Stalker x5  
  131  11:07  Observer  
  131  11:10  Probe x2  
  131  11:11  Probe  
  128  11:17  Probe  
  128  11:18  Colossus (Chrono Boost), Probe  
  130  11:24  Stalker  
  130  11:25  Zealot x3, Stalker  
  140  11:26  Protoss Ground Weapons Level 3 (Chrono Boost)  
  140  11:30  Warp Prism (Chrono Boost)  
  148  11:33  Shield Battery  
  148  11:35  Gateway  
  148  11:37  Protoss Ground Armor Level 2 (Chrono Boost)  
  148  11:42  Photon Cannon  
  148  11:44  Shield Battery  
  148  11:46  Probe  
  149  11:49  Zealot x2  
  149  11:50  Zealot x2  
  157  12:02  Zealot  
  157  12:05  Colossus (Chrono Boost)  
  165  12:12  Probe x2  
  165  12:13  Probe x3  
  165  12:14  Shadow Stride  
  168  12:19  Disruptor  
  172  12:24  Probe  
  172  12:26  Probe  
  174  12:31  Probe  
  174  12:34  Gateway  
  174  12:36  Probe  
  176  12:38  Probe  
  176  12:39  Assimilator  
  176  12:40  Assimilator, Probe  
  176  12:43  Probe  
  179  12:50  Zealot x6  
  189  12:55  Disruptor  
  189  12:56  Observer  
  193  13:06  Nexus  
  193  13:09  Pylon  
  193  13:10  Pylon  
  193  13:12  Stargate  
  189  13:17  Disruptor, Zealot x3, Stalker x3  
  189  13:23  Zealot x6  
  167  13:43  Disruptor (Chrono Boost)  
  167  13:46  Probe  
  167  13:48  Zealot x2, Stalker x5  
  161  13:50  Gateway  
  143  13:56  Gateway  
  143  13:59  Gateway  
  143  14:00  Colossus (Chrono Boost)  
  143  14:01  Probe  
  132  14:03  Gateway  
  132  14:04  Gateway  
  132  14:05  Protoss Ground Armor Level 3 (Chrono Boost)  
  132  14:06  Gateway  
  132  14:12  Zealot x2, Assimilator, Stalker  
  132  14:13  Zealot x4  
  146  14:24  Disruptor (Chrono Boost)  
  138  14:34  Pylon  
  122  14:40  Zealot x5, Stalker  
  122  14:41  Zealot  
  122  14:43  Disruptor (Chrono Boost)  
  139  14:47  Nexus  
  139  14:49  Stalker  
  139  14:51  Stalker  
  133  15:03  Zealot x3  
  133  15:04  Zealot x2  
  133  15:06  Zealot, Stalker x3  
  133  15:07  Zealot x2  
  155  15:08  Nexus  
  159  15:19  Disruptor (Chrono Boost)  
  159  15:20  Stalker  
  153  15:26  Zealot  
  153  15:27  Zealot  
  147  15:29  Zealot x2  
  141  15:36  Zealot  
  141  15:37  Zealot  
  141  15:41  Stalker  
  143  15:47  Stalker x3  
  131  15:53  Stalker x2  
  135  16:02  Stalker  
  137  16:11  Stalker  
  129  16:12  Dark Templar x3  
  124  16:27  Probe  
  124  16:32  Zealot x6  
  121  16:36  Probe  
  121  16:38  Probe  
  106  16:40  Probe  
  100  16:47  Stalker x5  
  105  16:59  Stalker x4  
  98  17:09  Zealot x2  
  78  17:21  Zealot x3  
  66  17:33  Stalker x4  
  67  17:43  Zealot x3  
  67  17:57  Stalker x3  
Show
View Real Time Build Order
Export as new Build Order

Vindicta Terran - Winner!

Build Orders: Reaper Expand 

Get SALT Encoding   

  12  0:00  SCV  
  13  0:12  SCV  
  14  0:16  Supply Depot  
  14  0:24  SCV  
  15  0:38  SCV  
  15  0:39  Barracks  
  15  0:42  Refinery  
  16  0:50  SCV  
  17  1:02  SCV  
  18  1:14  SCV  
  19  1:26  Orbital Command  
  19  1:27  Reaper  
  20  1:40  Command Center  
  20  1:49  Bunker  
  20  1:53  SCV  
  21  1:59  Supply Depot  
  21  2:01  Marine  
  21  2:08  SCV  
  23  2:15  Factory  
  23  2:21  SCV  
  24  2:23  Barracks Reactor  
  24  2:33  SCV  
  25  2:38  Refinery  
  25  2:39  Bunker  
  25  2:45  SCV  
  26  2:57  Orbital Command, SCV  
  27  3:02  Hellion  
  27  3:05  Marine x2  
  31  3:09  SCV  
  32  3:13  Starport  
  31  3:21  SCV  
  31  3:22  SCV  
  31  3:23  Marine x2  
  31  3:24  Widow Mine  
  37  3:30  Supply Depot  
  37  3:33  SCV  
  38  3:35  SCV  
  38  3:40  Marine  
  38  3:41  Marine  
  41  3:46  SCV  
  41  3:47  SCV  
  43  3:50  Medivac  
  43  3:52  Factory Tech Lab  
  45  3:58  Marine x2, SCV  
  45  3:59  SCV  
  49  4:07  Supply Depot  
  48  4:10  SCV  
  48  4:11  SCV  
  48  4:14  Barracks  
  48  4:15  Siege Tank  
  48  4:16  Marine  
  54  4:21  Starport Tech Lab  
  54  4:27  Engineering Bay  
  54  4:29  Barracks, SCV x2  
  56  4:34  Supply Depot  
  56  4:35  Refinery  
  56  4:36  Marine  
  56  4:37  Marine  
  58  4:40  Raven  
  58  4:41  SCV  
  58  4:42  SCV  
  62  4:55  Siege Tank, SCV  
  62  4:58  Marine  
  62  4:59  SCV  
  68  5:01  Missile Turret  
  68  5:03  Barracks Tech Lab  
  68  5:06  Supply Depot x2  
  68  5:08  SCV  
  68  5:09  Marine  
  68  5:11  SCV  
  68  5:16  Marine  
  68  5:20  SCV  
  71  5:29  Supply Depot  
  71  5:31  Combat Shield, Starport Reactor, Refinery  
  71  5:32  SCV  
  72  5:36  Stimpack  
  72  5:38  Marauder  
  72  5:40  SCV  
  74  5:44  Marauder, Marine  
  77  5:50  Missile Turret  
  77  5:54  Siege Tank, SCV  
  81  5:58  Marine  
  81  5:59  Marauder  
  84  6:05  Marine  
  84  6:07  SCV  
  84  6:08  Terran Infantry Weapons Level 1  
  86  6:17  Missile Turret  
  86  6:18  Marine  
  81  6:26  SCV  
  81  6:28  Medivac  
  81  6:31  Command Center  
  81  6:32  Medivac  
  86  6:34  SCV  
  86  6:38  SCV  
  88  6:42  Marauder  
  88  6:45  Marine  
  89  6:52  SCV x2  
  91  6:55  Marine  
  92  7:02  Factory Reactor  
  92  7:04  SCV  
  92  7:07  Medivac, Marauder x2  
  99  7:13  Medivac  
  100  7:16  Concussive Shells  
  100  7:17  Supply Depot  
  100  7:23  Marine  
  100  7:25  SCV x2  
  100  7:26  Marine  
  100  7:27  Marine  
  100  7:29  Barracks  
  105  7:32  Barracks  
  105  7:36  Marine  
  106  7:41  Marine  
  106  7:46  Orbital Command, Marine  
  108  7:56  Widow Mine x2  
  113  7:58  SCV  
  113  7:59  SCV  
  113  8:01  Ghost Academy  
  113  8:03  Terran Infantry Armor Level 1, Marine  
  113  8:05  Medivac  
  113  8:06  Marine  
  113  8:08  Orbital Command  
  113  8:11  Supply Depot  
  114  8:14  SCV x2  
  114  8:16  Marauder  
  114  8:17  Widow Mine x2  
  106  8:30  Barracks Reactor, Missile Turret  
  106  8:31  Viking  
  106  8:32  Marine  
  95  8:35  Viking, SCV x2  
  95  8:39  SCV  
  96  8:47  SCV  
  101  8:48  Widow Mine x2  
  101  8:49  Marine  
  101  8:50  Marine  
  101  8:53  Marine  
  101  8:55  Marauder  
  106  8:56  SCV x2  
  106  8:57  Marine  
  106  9:01  Refinery  
  109  9:05  SCV  
  109  9:06  Sensor Tower, Marine x2  
  109  9:07  Marine  
  109  9:08  SCV, Marine  
  115  9:11  Marine  
  115  9:13  Armory, SCV  
  117  9:18  Viking, SCV  
  117  9:20  Viking, SCV  
  123  9:24  Marine  
  123  9:25  SCV  
  123  9:27  Marine  
  123  9:29  Marine  
  123  9:30  SCV  
  131  9:35  Widow Mine x2  
  131  9:36  Marine  
  131  9:37  SCV  
  137  9:40  SCV  
  137  9:42  Supply Depot x2, SCV  
  137  9:44  Ghost  
  137  9:50  SCV  
  142  10:08  Refinery  
  142  10:12  Viking  
  142  10:13  Ghost, Marine x3  
  149  10:16  Terran Infantry Weapons Level 2, Supply Depot  
  149  10:18  Marine x2  
  149  10:19  Marauder, Engineering Bay  
  149  10:22  Command Center  
  149  10:25  Widow Mine  
  149  10:26  Widow Mine  
  153  10:31  Missile Turret, Marine x3  
  156  10:36  Marine x2  
  156  10:38  Medivac  
  156  10:40  Marine  
  156  10:42  Marauder, Medivac  
  157  10:49  Marine x3  
  158  10:54  Ghost, Marine  
  131  10:57  Ghost  
  131  11:03  Ghost  
  132  11:05  SCV x2  
  132  11:07  Marine x3  
  132  11:08  Medivac  
  132  11:09  Terran Infantry Armor Level 2  
  139  11:12  Medivac, Marine  
  139  11:13  Barracks  
  139  11:14  Barracks, SCV  
  139  11:17  SCV  
  146  11:22  Barracks  
  144  11:28  Marine  
  144  11:29  Marauder  
  144  11:32  Fusion Core, SCV, Starport  
  149  11:34  Marine  
  149  11:35  Missile Turret  
  149  11:37  Marine x2  
  149  11:39  SCV  
  152  11:42  Marauder  
  152  11:46  Medivac  
  152  11:47  Marine  
  148  11:52  SCV  
  151  11:56  SCV x2  
  151  11:58  Marine, Widow Mine x2  
  151  12:00  Barracks Tech Lab  
  157  12:04  Barracks Tech Lab  
  157  12:05  Planetary Fortress  
  157  12:09  Marine x2  
  157  12:13  Starport Reactor  
  157  12:14  Barracks Tech Lab  
  154  12:24  Liberator  
  154  12:25  SCV x2  
  160  12:31  Marine  
  160  12:32  Sensor Tower  
  160  12:35  Marine  
  163  12:38  Terran Infantry Weapons Level 3  
  163  12:39  Terran Ship Weapons Level 1  
  163  12:41  Refinery  
  163  12:42  SCV, Refinery  
  161  12:44  Marauder  
  161  12:45  Marauder  
  161  12:50  Marauder, Marine  
  166  12:52  Marine x2  
  169  12:59  Marine x2  
  169  13:00  Marauder x2  
  172  13:05  Marine  
  172  13:06  Marauder  
  172  13:08  Widow Mine, Marine  
  172  13:10  Marine x2  
  172  13:12  Marauder  
  167  13:16  SCV  
  167  13:17  Marine  
  164  13:21  Marauder  
  164  13:22  Liberator  
  164  13:24  Marauder  
  167  13:27  Starport Reactor  
  167  13:28  Liberator  
  167  13:29  SCV  
  167  13:31  Marauder x2  
  170  13:48  Marine  
  156  13:49  Marine  
  159  13:55  SCV x3  
  159  13:59  SCV  
  151  14:04  Liberator  
  151  14:05  Missile Turret x2  
  151  14:07  Liberator, SCV x2  
  158  14:11  Liberator  
  158  14:12  Marine  
  158  14:13  Fusion Core  
  158  14:14  Marine  
  158  14:15  Marauder  
  160  14:25  Widow Mine x2  
  160  14:26  Marauder x2, Marine  
  167  14:33  Marauder, Marine x2  
  167  14:34  Marauder  
  167  14:37  Marauder  
  164  14:39  Marine  
  164  14:43  Marine  
  167  14:47  Marine x2  
  167  14:49  SCV  
  167  14:52  Marine x2  
  169  14:55  Widow Mine  
  169  14:57  Marine  
  169  14:59  Medivac, Marauder  
  172  15:01  Advanced Ballistics, Marine  
  173  15:08  Marine x2  
  173  15:09  Marauder  
  173  15:12  Supply Depot  
  176  15:19  Marauder, Marine  
  170  15:28  Marauder x2, Marine x3  
  162  15:38  Marine  
  162  15:39  Liberator, Marauder  
  162  15:41  Marine  
  161  15:46  Marine x2  
  161  15:47  Marine  
  161  15:49  Liberator x2  
  171  15:50  Marauder x2  
  171  15:53  Marauder  
  171  15:55  SCV x2  
  171  15:56  Marine x2  
  176  15:58  Marine  
  176  16:00  Marauder  
  176  16:03  Marine  
  176  16:04  Marine  
  179  16:09  Liberator  
  179  16:13  Marine  
  179  16:14  Marauder  
  179  16:17  Marine x2  
  186  16:22  Marine  
  185  16:29  Command Center  
  185  16:31  Liberator, SCV  
  179  16:33  Marine  
  179  16:36  Marine  
  179  16:38  Medivac  
  170  16:41  Marine  
  170  16:42  Marauder  
  170  16:43  SCV  
  171  16:50  Barracks Tech Lab, Marine x2  
  171  16:51  SCV  
  169  16:54  Caduceus Reactor  
  169  16:55  Liberator  
  169  16:57  Marine  
  167  17:02  Medivac  
  167  17:06  Marine x2  
  166  17:10  Marauder, Marine  
  166  17:11  Marine  
  166  17:14  Marine  
  162  17:16  SCV x2  
  157  17:25  Liberator  
  157  17:26  Marine  
  150  17:30  Marauder  
  150  17:31  Marine  
  150  17:42  Marine  
  150  17:43  Marauder, Marine, Missile Turret  
  150  17:46  Marine  
  138  18:01  SCV x2  
  138  18:02  SCV  
Tags
 
Add a new tag
Caveats
  • Supply blocks, unpowered buildings, or Contaminate may cause inaccurate times.
  • Supply counts are checked every 10 seconds.